 Dungeon Crawl Stone Soup version 0.21-a0-538-gd16b88a (webtiles) character file.

138 Megalobster the Sneak (level 5, -3/24 HPs)
             Began as a Spriggan Enchanter on Dec 15, 2017.
             Slain by an ice beast (13 damage)
             ... on level 3 of the Dungeon on Dec 16, 2017.
             The game lasted 00:09:30 (3697 turns).

Megalobster the Sneak (Spriggan Enchanter)          Turns: 3697, Time: 00:09:31

Health: -3/24      AC:  3    Str:  5    XL:     5   Next: 1%
Magic:  1/11       EV: 18    Int: 16    God:
Gold:   154        SH:  0    Dex: 17    Spells: 2/11 levels left

rFire    . . .     SeeInvis +   a - +1 dagger
rCold    . . .     Gourm    .   (shield restricted)
rNeg     . . .     Faith    .   b - +1 robe
rPois    .         Spirit   .   (helmet restricted)
rElec    .         Reflect  .   (no cloak)
rCorr    .         Harm     .   (gloves unavailable)
MR       .....                  (boots unavailable)
Stlth    ++++......             (no amulet)
HPRegen  0.08/turn              (no ring)
MPRegen  0.12/turn              (no ring)

@: very quick
A: very small, unfitting armour, see invisible, herbivore 3, speed 3, slow
metabolism 2
a: no special abilities


You were on level 3 of the Dungeon.
You were not hungry.

You visited 1 branch of the dungeon, and saw 3 of its levels.

You collected 154 gold pieces.

Inventory:

Hand Weapons
 a - a +1 dagger (weapon)
Armour
 b - a +1 robe (worn)
Scrolls
 k - 3 scrolls of identify
 l - 2 scrolls of remove curse
Potions
 e - a potion of mutation {unknown}
 f - 2 potions of heal wounds
 h - 3 potions of curing
 i - a potion of haste {unknown}
 j - a potion of berserk rage {unknown}
 m - a potion of agility
 n - a potion of brilliance {unknown}
 o - a potion of might {unknown}
Books
 c - a book of Maledictions

   Spells                             Type                      Level
   a - Corona                         Hexes                        1
   b - Ensorcelled Hibernation        Hexes/Ice                    2
   c - Confuse                        Hexes                        3
   d - Tukima's Dance                 Hexes                        3
   e - Dazzling Spray                 Conjuration/Hexes            3
Comestibles
 d - 3 bread rations
 g - 2 royal jellies


   Skills:
 - Level 1.1 Short Blades
 - Level 3.0 Dodging
 * Level 6.9 Stealth
 + Level 3.9 Spellcasting
 * Level 4.7 Hexes


You had 2 spell levels left.
You knew the following spells:

 Your Spells              Type           Power        Failure   Level  Hunger
a - Corona                Hex            ###....      2%          1    None
b - Ensorcelled Hibernat  Hex/Ice        ##....       10%         2    ##.....
c - Confuse               Hex            ###.....     7%          3    ###....
d - Tukima's Dance        Hex            ###.....     7%          3    ###....


Dungeon Overview and Level Annotations

Branches:
Dungeon (3/15)

Altars:


Innate Abilities, Weirdness & Mutations

You are very small and have problems with some larger weapons.
You are too small for most types of armour.
You have supernaturally acute eyesight. (SInv)
You are a herbivore.
You cover ground extremely quickly.
You need consume almost no food.


Message History

The ice beast hits your dagger.
Your dagger falls from the air.
Casting: Tukima's Dance
Confirm with . or Enter, or press ? or * to list all spells.
Aiming: Confuse
Press: ? - help, Shift-Dir - straight line, f - ice beast
Aim: an ice beast (chance to defeat MR: 49%)
The ice beast appears confused.
The ice beast hits you. The ice beast freezes you!
You barely miss the ice beast. The ice beast closely misses you.
You catch the helpless ice beast completely off-guard!
You puncture the ice beast!
The ice beast is heavily wounded.
You hit the ice beast but do no damage.
The ice beast is heavily wounded.
You barely miss the ice beast.
The ice beast is heavily wounded.
The ice beast hits you. The ice beast freezes you!
Ouch! That really hurt!
You die...

#..# #####).####.## #..#
........((...# #..#
###..†..##..#### ##. #..# #
##....##..)..# ...#.##..#####.#
##.#.###..... .....g...#...†.#
###.######.# ##.#.##.....####
#.....####.#
#..#..##########.###.##....
#..#...†gY@......# #..#.#.#
#..#.###########.###.#....)
#..#.# ##..†........#.#.#
.......###...#####.#.##....
######..####..........†..#.####.#
...(.#.. #####.>.#######.# #.#
.###.# #######.########.####.#
.#.#.# .......................
.#.#.# #######.#######..#.####


You could see an ice beast (confused) and a goblin.

Vanquished Creatures
  A crimson imp (D:3)
  5 adders
  An ooze (D:1)
  2 worms
  2 leopard geckos
  2 giant cockroaches
  10 goblins
  4 hobgoblins
  6 jackals
  2 kobolds
  A ball python (D:3)
  3 bats
  3 frilled lizards
  8 rats
50 creatures vanquished.

Vanquished Creatures (collateral kills)
  A kobold (D:3)
1 creature vanquished.

Vanquished Creatures (others)
  A dancing weapon (D:3)
1 creature vanquished.

Grand Total: 52 creatures vanquished

Notes
Turn   | Place    | Note
-------+----------+-------------------------------------------
     0 | D:1      | Megalobster the Spriggan Enchanter began the quest for the Orb.
     0 | D:1      | Reached XP level 1. HP: 9/9 MP: 5/5
   388 | D:1      | Reached skill level 5 in Stealth
   388 | D:1      | Reached XP level 2. HP: 13/13 MP: 6/6
   392 | D:1      | Learned a level 2 spell: Ensorcelled Hibernation
  1532 | D:2      | Reached XP level 3. HP: 16/16 MP: 5/8
  1537 | D:2      | Learned a level 3 spell: Confuse
  1845 | D:2      | Reached skill level 6 in Stealth
  2811 | D:2      | Reached XP level 4. HP: 6/21 MP: 5/10
  3073 | D:2      | Learned a level 3 spell: Tukima's Dance
  3437 | D:3      | Noticed an ice beast
  3660 | D:3      | Reached XP level 5. HP: 24/24 MP: 11/11
  3697 | D:3      | Slain by an ice beast

Vault maps used:
D:1:      lemuel_arrival_broad_hall
D:3:      mumra_celtic_spiral_tile, first_bread

Skill      XL: |  1  2  3 |
---------------+----------+-----
Stealth        | 5 6 |  6.9
Spellcasting   | 3 |  3.9
Hexes          | 4 |  4.7
Short Blades   | |  1.1
Dodging        | |  3.0

Action                   |  1- 3 |  4- 6 || total
-------------------------+-------+-------++-------
Melee: Dagger            |   163 |    44 ||   207
 Cast: Ensorcelled Hiber |    15 |     3 ||    18
       Confuse           |     7 |     2 ||     9
       Tukima's Dance    |       |     2 ||     2
  Use: Scroll            |     4 |       ||     4
 Stab: Sleeping          |    11 |     8 ||    19
       Distracted        |     2 |       ||     2
       Confused          |     4 |     1 ||     5
  Eat: Bread ration      |     1 |       ||     1
Armor: Robe              |    12 |     4 ||    16
Dodge: Dodged            |   138 |    28 ||   166

Table legend:
 A = Spawn XP
 B = Non-spawn XP
 C = Spawn XP percentage of total XP
 D = Spawn monster count
 E = Non-spawn monster count
 F = Spawn count percentage of total count
 G = Total turns spent on level
                    A         B        C        D         E        F      G
               +---------+---------+-------+---------+---------+-------+---------
         Total |       0 |     198 |   0.0 |       0 |      51 |   0.0 |  3697
               +---------+---------+-------+---------+---------+-------+---------
           D:1 |       0 |      33 |   0.0 |       0 |      15 |   0.0 |  1890
           D:2 |       0 |      70 |   0.0 |       0 |      19 |   0.0 |  1194
           D:3 |       0 |      95 |   0.0 |       0 |      17 |   0.0 |   613
               +---------+---------+-------+---------+---------+-------+---------
